 Dungeon Crawl Stone Soup version 0.18-a0-1116-g1750dec (webtiles) character file.

53 Gobser the Bolt Thrower (level 4, 0/25 HPs)
             Began as a Kobold Arcane Marksman on Jan 17, 2016.
             Succumbed to an adder's poison
             ... on level 2 of the Dungeon.
             The game lasted 00:07:06 (769 turns).

Gobser the Bolt Thrower (Kobold Arcane Marksman)     Turns: 769, Time: 00:07:07

Health: 0/25       AC:  5    Str:  9    XL:     4   Next: 11%
Magic:  4/6        EV: 21    Int: 11    God:
Gold:   96         SH:  0    Dex: 21    Spells: 1 memorised, 4 levels left

rFire  . . .     SeeInvis .     e - +1 dagger (venom)
rCold  . . .     Gourm    .     b - +0 robe
rNeg   . . .     Faith    .     (shield restricted)
rPois  .         Spirit   .     i - +0 helmet
rElec  .         Dismiss  .     (no cloak)
rCorr  .         Reflect  .     h - +1 pair of gloves
SustAt .         Harm     .     (no boots)
MR     .....                    (no amulet)
Stlth  +++.......               (no ring)
                                l - ring of flight

@: agile, lethally poisoned (0 -> -1), not resistant to hostile enchantments,
fairly stealthy
A: carnivore 3
a: Evoke Flight


You were on level 2 of the Dungeon.
You were not hungry.

You visited 1 branch of the dungeon, and saw 2 of its levels.

You collected 96 gold pieces.

Inventory:

Hand Weapons
 a - a +0 hand crossbow
 e - a +1 dagger of venom (weapon)
Missiles
 d - 32 bolts
 j - 13 bolts of flame
Armour
 b - a +0 robe (worn)
 h - a +1 pair of gloves (worn)
 i - a +0 helmet (worn)
Jewellery
 l - a ring of flight (left hand)
Books
 c - a book of Debilitation

   Spells                             Type                      Level
   a - Corona                         Hexes                        1
   b - Slow                           Hexes                        2
   c - Gell's Gravitas                Hexes/Translocation          3
   d - Inner Flame                    Hexes/Fire                   3
   e - Cause Fear                     Hexes                        4
   f - Leda's Liquefaction            Hexes/Earth                  4
Comestibles
 f - a meat ration
 g - a slice of pizza


   Skills:
 + Level 1.1 Fighting
 * Level 0.3 Short Blades
 * Level 3.9 Crossbows
 * Level 2.7 Dodging
 * Level 1.3 Stealth
 * Level 1.4 Spellcasting
 + Level 3.2 Hexes


You had 4 spell levels left.
You knew the following spells:

 Your Spells              Type           Power        Failure   Level  Hunger
a - Corona                Hex            #......      10%         1    ##.....


Dungeon Overview and Level Annotations

Branches:
Dungeon (2/15)

Altars:
Fedhas
Sif Muna
Vehumet


Innate Abilities, Weirdness & Mutations

You are small and have problems with some larger weapons.
You are carnivorous and can eat meat at any time.


Message History

A worm comes into view.
The helpless worm fails to defend itself.
You puncture the worm!
The worm is heavily wounded.
You have reached level 4!
You feel a bit more experienced. The worm barely misses you.
You hit the worm.
The worm is poisoned.
The worm is severely wounded.
You hit the worm.
The worm looks even sicker.
The worm is almost dead.
You kill the worm!
There is a lethal amount of poison in your body!
* * * LOW HITPOINT WARNING * * *
You feel sick.
You see here a metallic amethyst potion.
k - a metallic amethyst potion Drink which item? (? for menu, Esc to quit)
It was a potion of agility.
You feel agile all of a sudden.
You die...

###............#####.####.####.#
..<.##########...........†.....#
##### ############.###### #.#
#.# ##### #.# #... ..# ##.## ###
##@..## ###.....# ..........#
#.###.....# ##...## #####


There were no monsters in sight!

Vanquished Creatures
  An adder (D:2)
  2 worms (D:2)
  A ball python (D:1)
  3 bats
  6 hobgoblins
  3 jackals (D:2)
  3 quokkas (D:2)
  A giant newt (D:1)
  4 goblins
  5 kobolds
  8 rats
37 creatures vanquished.

Notes
Turn   | Place    | Note
--------------------------------------------------------------
     0 | D:1      | Gobser the Kobold Arcane Marksman began the quest for the Orb.
     0 | D:1      | Reached XP level 1. HP: 12/12 MP: 2/2
   123 | D:1      | Reached XP level 2. HP: 16/16 MP: 3/3
   137 | D:1      | Reached skill level 1 in Stealth
   425 | D:1      | Reached XP level 3. HP: 20/20 MP: 4/4
   747 | D:2      | Found a blossoming altar of Fedhas.
   747 | D:2      | Found a radiant altar of Vehumet.
   747 | D:2      | Found a deep blue altar of Sif Muna.
   762 | D:2      | Reached XP level 4. HP: 2/25 MP: 4/6
   765 | D:2      | HP: 1/25 [poisoned by an adder]
   769 | D:2      | Succumbed to an adder's poison

Vault maps used:
D:1:      saegor_arrival_under_anarchy, hangedman_glass_teeth
D:2:      grunt_temple_overflow_open

Action                   |  1- 3 |  4- 6 || total
-------------------------+-------+-------++-------
Melee: Dagger            |    16 |     2 ||    18
 Fire: Hand crossbow     |    76 |       ||    76
  Use: Scroll            |     5 |       ||     5
       Potion            |       |     1 ||     1
 Stab: Sleeping          |     1 |       ||     1
